 Dungeon Crawl Stone Soup version 0.26-a0-737-g4e9f4955e2 (webtiles) character file.

Game seed: 18089790943718640084

5373 GordonOverkill the Cleaver (level 10, 0/78 HPs)
             Began as a Palentonga Chaos Knight on Nov 4, 2020.
             Was a Plaything of Xom.
             Slain by an ufetubus (4 damage)
             ... on level 8 of the Dungeon.
             The game lasted 00:16:26 (7184 turns).

GordonOverkill the Cleaver (PaCK)                   Turns: 7184, Time: 00:16:27

Health: 0/78       AC: 24    Str: 18    XL:     10   Next: 39%
Magic:  10/10      EV:  3    Int: 12    God:    Xom [..*...]
Gold:   448        SH:  4    Dex:  8    Spells: 9/9 levels left

rFire    . . .     SeeInvis +   t - +4 flail (protect)
rCold    . . .     Faith    .   q - +0 buckler
rNeg     . . .     Spirit   .   F - +0 plate armour
rPois    .         Reflect  .   B - +2 hat {Int+3}
rElec    .         Harm     .   n - +2 cloak
rCorr    .         Rampage  .   (no gloves)
MR       .....                  (no barding)
Stlth    ..........             l - amulet of regeneration
HPRegen  0.63/turn              v - +4 ring of protection
MPRegen  0.12/turn              (no ring)

@: death channel, curled up
A: large, rugged brown scales 3, see invisible, clumsy 1, deformed body,
deterioration 1, dopey 2, frail 1, roll, armoured tail, reflexive curl
a: Rolling Charge, Renounce Religion


You were on level 8 of the Dungeon.
You worshipped Xom.
You were a toy of Xom.
You visited 1 branch of the dungeon, and saw 8 of its levels.
You also visited: Sewer and Ossuary.

You collected 448 gold pieces.

Inventory:

Hand Weapons
 a - a +0 hand axe of chaos
 d - a +0 dagger
 t - a +4 flail of protection (weapon)
Missiles
 m - 14 poisoned darts (quivered)
 r - a throwing net
Armour
 n - a +2 cloak (worn)
 q - a +0 buckler (worn)
 u - a +2 leather armour of fire resistance
 B - a +2 hat of intelligence (worn)
 F - a +0 plate armour (worn)
Jewellery
 l - an amulet of regeneration (around neck)
 v - a +4 ring of protection (left hand)
 z - an uncursed ring of poison resistance
Wands
 p - a wand of polymorph (4)
 x - a wand of random effects (20)
 y - a wand of enslavement (7)
 A - a wand of paralysis (6)
 G - a wand of acid (3)
Scrolls
 b - 2 scrolls of enchant weapon
 e - 7 scrolls of remove curse
 i - 2 scrolls of magic mapping
 s - 5 scrolls of teleportation
 w - a scroll of immolation
 C - a scroll of enchant armour
 H - a scroll of amnesia
Potions
 c - a potion of mutation
 f - 3 potions of stabbing
 g - a potion of brilliance
 h - 3 potions of flight
 j - 11 potions of curing
 k - 3 potions of heal wounds
 o - a potion of magic
 D - a potion of cancellation {unknown}
 E - a potion of ambrosia {unknown}


   Skills:
 - Level 5.0 Fighting
 + Level 12.6 Axes
 - Level 2.0 Armour
 - Level 2.0 Dodging
 - Level 4.0 Shields
 - Level 5.0 Evocations


You had 9 spell levels left.
You didn't know any spells.
Your spell library contained the following spells:

 Spells                   Type           Power        Failure   Level
 Magic Dart               Conj           #...         100%        1
 Searing Ray              Conj           #.....       100%        2
 Dazzling Flash           Conj/Hex       #.....       100%        3
 Fulminant Prism          Conj/Hex       #.........   100%        4
 Iskenderun's Mystic Bla  Conj/Tloc      #.......     100%        4


Dungeon Overview and Level Annotations

Branches:
Dungeon (8/15)             Temple (0/1) D:5           Sewer (visited)
Ossuary (visited)
   Lair: D:8-11

Altars:
Trog

Annotations:
D:4 1 runed translucent door, Perttuleena's ghost, amateur DsEE
D:8 Grum


Innate Abilities, Weirdness & Mutations

You are completely covered in rugged brown scales. (AC +3, +7% HP)
You have supernaturally acute eyesight. (SInv)
Armour fits poorly on your strangely shaped body.
You can roll at foes to attack.
You have a long armoured tail.
You curl defensively after being hit.
You are clumsy. (Dex -2)
Your body sometimes deteriorates upon taking damage.
You are very dopey. (Int -4)
You are frail. (-10% HP)


Message History

The wolf bites you but does no damage. x2
The wolf bites you!
* * * LOW HITPOINT WARNING * * *
The wolf bites you but does no damage. x2
The wolf bites you.
* * * LOW HITPOINT WARNING * * *
The wolf bites you.
* * * LOW HITPOINT WARNING * * *
As you read the scroll of teleportation, it crumbles to dust.
You feel strangely unstable. The wolf bites you.
* * * LOW HITPOINT WARNING * * *
The wolf barely misses you. The wolf bites you!
* * * LOW HITPOINT WARNING * * *
Your surroundings suddenly seem different.
An ufetubus comes into view.
The ufetubus shouts!
The ufetubus completely misses you. The ufetubus hits you.
You die... "It was about time."

#
#.........
#
#....>....
...
#........
^.
#......# .
#......#
#......+
#......#
#5@....# .
########
.. ..


You could see an ufetubus.

Vanquished Creatures
  Gastronok (D:8)
  3 orc warriors
  An ice beast (D:7)
  2 sky beasts
  A black bear (D:6)
  4 ogres
  A phantom (D:6)
  2 centaurs
  A big kobold (Sewer)
  4 bullfrogs (D:6)
  A wyvern skeleton (D:8)
  2 scorpions (D:4)
  9 killer bees
  2 electric eels (D:7)
  3 howler monkeys (D:7)
  3 hounds
  A bullfrog zombie (D:7)
  2 orc priests
  3 bullfrog skeletons
  Jessica (D:3)
  3 iguanas
  3 worker ants
  Terence (D:3)
  8 orc wizards
  A killer bee zombie (D:6)
  6 big kobold zombies (Ossuary)
  A hound skeleton (D:6)
  2 mummies
  A howler monkey skeleton (D:5)
  16 adders
  4 river rats (Sewer)
  A shadow imp (D:6)
  2 white imps
  An ufetubus (D:7)
  An ooze (D:4)
  2 adder skeletons (D:5)
  5 worms
  A dart slug (D:2)
  2 leopard geckos
  17 orcs
  4 spectral bats (Ossuary)
  2 bat simulacra (Ossuary)
  7 giant cockroaches
  6 gnoll zombies (Ossuary)
  3 goblins
  6 hobgoblins
  12 jackals
  23 kobolds
  5 quokkas
  5 ball pythons
  7 bats
  10 frilled lizards
  5 goblin simulacra (Ossuary)
  4 goblin zombies (Ossuary)
  4 hobgoblin zombies (Ossuary)
  5 kobold simulacra (Ossuary)
  3 kobold zombies (Ossuary)
  7 orc zombies (Ossuary)
  A quokka zombie (D:5)
  26 rats
  2 rat simulacra (Ossuary)
  2 spectral goblins (Ossuary)
  2 spectral kobolds (Ossuary)
  2 spectral rats (Ossuary)
278 creatures vanquished.

Vanquished Creatures (collateral kills)
  Grinder (D:3)
  An ogre (D:5)
  A killer bee (D:7)
  An adder (D:5)
  A giant cockroach (D:3)
5 creatures vanquished.

Vanquished Creatures (others)
  A wyvern (D:8)
  A bullfrog (D:7)
  An iguana (D:8)
  An orc wizard (D:7)
  2 leopard geckos (D:8)
  36 plants (D:7)
  2 withered plants (D:4)
44 creatures vanquished.

Grand Total: 327 creatures vanquished

Notes
Turn   | Place    | Note
-------+----------+-------------------------------------------
     0 | D:1      | GordonOverkill the Palentonga Chaos Knight began the quest
                  | for the Orb.
     0 | D:1      | Reached XP level 1. HP: 20/20 MP: 1/1
    26 | D:1      | XOM: divination: magic mapping
   261 | D:1      | XOM: butterfly on damage
   265 | D:1      | Reached XP level 2. HP: 4/27 MP: 2/2
   382 | D:1      | XOM: silly message
   568 | D:1      | XOM: god gift: wand of iceblast (9)
   582 | D:1      | XOM: swap monsters
   926 | D:1      | XOM: silly message
  1053 | D:2      | Reached skill level 4 in Axes
  1053 | D:2      | Reached XP level 3. HP: 33/33 MP: 3/3
  1066 | D:2      | Reached skill level 1 in Evocations
  1073 | D:2      | XOM: noise
  1397 | D:2      | XOM: cloud trail
  1495 | D:2      | XOM: silly message
  1627 | D:3      | Found a glowing drain.
  1634 | D:3      | XOM: divination: detect items
  1642 | D:3      | XOM: cast spell 'Summon Small Mammal'
  1645 | D:3      | Reached XP level 4. HP: 30/40 MP: 4/4
  1650 | Sewer    | Entered a sewer
  1740 | Sewer    | XOM: divination: detect items
  1946 | Sewer    | Reached XP level 5. HP: 46/48 MP: 5/5
  1950 | Sewer    | XOM: divination: detect items
  1968 | Sewer    | Reached skill level 5 in Axes
  2614 | D:3      | Noticed Terence
  2618 | D:3      | Killed Terence
  2618 | D:3      | Reached XP level 6. HP: 54/54 MP: 6/6
  2726 | D:3      | Noticed Grinder
  2728 | D:3      | XOM: cast spell 'Summon Horrible Things'
  2729 | D:3      | XOM: smoke on damage
  2733 | D:3      | Killed Grinder
  2829 | D:3      | XOM: scenery: 1 doors open
  2846 | D:3      | XOM: 9-stop teleportation journey
  2940 | D:3      | XOM: give mutation
  2940 | D:3      | Gained mutation: You are frail. (-10% HP) [Xom's mischief]
  3044 | D:3      | Noticed Jessica
  3046 | D:3      | Killed Jessica
  3046 | D:3      | Reached skill level 6 in Axes
  3074 | D:3      | XOM: 3-stop teleportation journey
  3119 | D:3      | XOM: god gift: 21 stones
  3353 | D:3      | XOM: give mutations
  3353 | D:3      | Gained mutation: Your body sometimes deteriorates upon
                  | taking damage. [Xom's mischief]
  3353 | D:3      | Lost mutation: You are frail. (-10% HP) [Xom's mischief]
  3353 | D:3      | Gained mutation: You have large cloven feet. [Xom's
                  | mischief]
  3353 | D:3      | Gained mutation: You are frail. (-10% HP) [Xom's mischief]
  3435 | D:4      | Gained mutation: You curl defensively after being hit.
                  | [Palentonga growth]
  3435 | D:4      | Reached XP level 7. HP: 46/55 MP: 7/7
  3601 | D:4      | XOM: confusion (+ monsters)
  3649 | D:4      | XOM: potion effect (stabbing)
  3656 | D:4      | Found a runed translucent door.
  3656 | D:4      | Noticed Perttuleena's ghost (amateur DsEE)
  3735 | D:4      | Noticed Edmund
  3736 | D:4      | Noticed Edmund
  3736 | D:4      | Edmund changed into Edmund the scorpion
  3741 | D:4      | Killed Edmund the scorpion
  3886 | D:4      | Reached skill level 5 in Evocations
  3890 | D:4      | Reached skill level 7 in Axes
  3920 | D:4      | XOM: torment (29/55 hp)
  4021 | D:5      | Entered Level 5 of the Dungeon
  4180 | D:5      | Found a sand-covered staircase.
  4187 | Ossuary  | XOM: stealth player
  4187 | Ossuary  | Entered an ossuary
  4278 | Ossuary  | Reached skill level 1 in Shields
  4373 | Ossuary  | Reached XP level 8. HP: 61/61 MP: 8/8
  4406 | Ossuary  | XOM: potion effect (might)
  4638 | D:5      | XOM: summons friendly quasit
  4644 | D:5      | Reached skill level 8 in Axes
  4960 | D:5      | Found a staircase to the Ecumenical Temple.
  5482 | D:6      | XOM: potion effect (berserk rage)
  5488 | D:6      | Reached skill level 9 in Axes
  5567 | D:6      | Reached XP level 9. HP: 59/66 MP: 9/9
  5654 | D:6      | Reached skill level 10 in Axes
  5657 | D:6      | XOM is BORED!
  5826 | D:6      | Found a bloodstained altar of Trog.
  5974 | D:7      | Reached skill level 1 in Dodging
  6006 | D:7      | XOM: enchant monster (good)
  6056 | D:7      | XOM: 3-stop teleportation journey
  6063 | D:7      | XOM: enchant monster (bad)
  6070 | D:7      | HP: 1/68 [killer bee (4)]
  6072 | D:7      | XOM: potion effect (curing)
  6075 | D:7      | XOM: cast spell 'Dispersal'
  6076 | D:7      | XOM: fog
  6086 | D:6      | XOM: polymorph killer bee -> hound
  6273 | D:6      | XOM: noise
  6346 | D:7      | XOM: summons 2 friendly demons
  6418 | D:7      | Reached skill level 5 in Fighting
  6484 | D:7      | Got an ichor-stained mace
  6485 | D:7      | Identified the +5 mace of Doom {flame, Int+7 Dex-5} (You
                  | found it on level 7 of the Dungeon)
  6541 | D:7      | XOM: noise
  6550 | D:7      | Reached skill level 11 in Axes
  6791 | D:7      | XOM: summons 2 hostile demons
  6847 | D:7      | XOM: give mutations
  6847 | D:7      | Lost mutation: You have large cloven feet. [Xom's mischief]
  6847 | D:7      | Gained mutation: You are dopey. (Int -2) [Xom's mischief]
  6847 | D:7      | Gained mutation: You are clumsy. (Dex -2) [Xom's mischief]
  6847 | D:7      | Gained mutation: You are very dopey. (Int -4) [Xom's
                  | mischief]
  6930 | D:8      | XOM: enchant monster (bad)
  7050 | D:8      | Noticed Gastronok
  7058 | D:8      | Killed Gastronok
  7058 | D:8      | Reached skill level 12 in Axes
  7058 | D:8      | Reached XP level 10. HP: 46/78 MP: 10/10
  7066 | D:8      | XOM: scenery: 1 doors close
  7153 | D:8      | Noticed Grum
  7166 | D:8      | XOM: cast spell 'Death Channel'
  7173 | D:8      | XOM: silly message
  7176 | D:8      | XOM: enchant monster (good)
  7183 | D:8      | HP: 3/78 [wolf[Grum] (8)]
  7184 | D:8      | Slain by an ufetubus

Illustrated notes

Levels and vault maps discovered:
D:1:      evilmike_arrival_fibonacci_small, layout_basic, feat_on_display
D:2:      layout_basic
D:3:      layout_basic, cheibrodos_sewer_entry_bend, kennysheep_donut,
          uniq_grinder, uniq_jessica, uniq_terence
D:4:      kennysheep_big_flooded_room, layout_cave_pools, gammafunk_ghost_grave,
          uniq_edmund
D:5:      layout_cave_pools, minmay_temple_entry_grid, gup_ossuary_entry_pyramid
D:6:      layout_cave_pools, trog_book
D:7:      layout_rooms, serial_bayou_lake_a
D:8:      layout_gridville, xom_confusion_cloud, uniq_maggie, uniq_grum,
          uniq_gastronok

Skill      XL: |  1  2  3  4  5  6  7  8  9 |
---------------+----------------------------+-----
Axes           | 4 5 6 7 9 12 | 12.6
Evocations     | 1 2 3 4 5 |  5.0
Shields        | 1 4 |  4.0
Dodging        | 2 |  2.0
Armour         | 2 |  2.0
Fighting       | 5 |  5.0

Action                   |  1- 3 |  4- 6 |  7- 9 | 10-12 || total
-------------------------+-------+-------+-------+-------++-------
Melee: Hand axe          |   121 |   145 |    23 |       ||   289
       Tailslap          |     7 |     8 |    59 |     2 ||    76
       Kick              |       |     3 |    93 |       ||    96
       Flail             |       |       |   485 |    26 ||   511
Throw: Dart              |     8 |       |    11 |       ||    19
 Abil: Rolling Charge    |    14 |    21 |    28 |     1 ||    64
Evoke: Wand              |       |     8 |     6 |       ||    14
  Use: Scroll            |    10 |       |    11 |     1 ||    22
       Potion            |       |     1 |    10 |       ||    11
 Stab: Paralysed         |     2 |     1 |     5 |       ||     8
       Petrifying        |       |     1 |       |       ||     1
       Petrified         |       |     1 |       |       ||     1
       Sleeping          |       |       |     2 |       ||     2
Armor: Leather armour    |    58 |    65 |   301 |       ||   424
       Plate armour      |       |       |    36 |    67 ||   103
Dodge: Dodged            |    58 |    85 |   269 |    13 ||   425
Block: Buckler           |       |       |   104 |    13 ||   117

Table legend: (Time is in decaauts)
 A = Elapsed time spent in this place.
 B = Non-inter-level travel time spent in this place.
 C = Inter-level travel time spent in this place.
 D = Time resting spent in this place.
 E = Time spent auto-exploring this place.
 F = Levels seen in this place.
 G = Mean time per level.
                   A        B        C        D        E       F      G
               +--------+--------+--------+--------+--------+-----+--------+
         Total |   7305 |   7027 |    278 |   1041 |   4102 |  10 |  730.5 |
       Dungeon |   6028 |   5750 |    278 |    853 |   3466 |   8 |  753.5 |
         Sewer |    814 |    814 |      0 |    188 |    423 |   1 |  814.0 |
       Ossuary |    462 |    462 |      0 |      0 |    212 |   1 |  462.0 |
               +--------+--------+--------+--------+--------+-----+--------+

Top non-repeatable levels by time:
     D:3: 1017 daAuts
     D:1: 1008 daAuts
     D:6: 895 daAuts
     D:7: 818 daAuts
   Sewer: 814 daAuts
     D:5: 778 daAuts
     D:4: 629 daAuts
     D:2: 611 daAuts
 Ossuary: 462 daAuts
     D:8: 269 daAuts
